 Dungeon Crawl Stone Soup version 0.23.2-33-g5129a83184 (webtiles) character file.

Game seed: 8498400191919828668

11755 Gwenloh the Covert (level 11, 0/47 HPs)
             Began as a Spriggan Enchanter on July 6, 2019.
             Was a Priest of Wu Jian.
             Slain by a cyan ugly thing (12 damage)
             ... on level 11 of the Dungeon on July 7, 2019.
             The game lasted 01:12:07 (13562 turns).

Gwenloh the Covert (Spriggan Enchanter)            Turns: 13562, Time: 01:12:08

Health: 0/47       AC:  3    Str:  7    XL:     11   Next: 53%
Magic:  0/25       EV: 30    Int: 24    God:    Wu Jian [***...]
Gold:   471        SH:  0    Dex: 18    Spells: 3/15 levels left

rFire    . . .     SeeInvis +   a - +9 rapier of Conservatism {pierce, rC++ Str+3 SInv}
rCold    + + .     Gourm    .   (shield restricted)
rNeg     . . .     Faith    .   e - +1 robe
rPois    .         Spirit   +   (helmet restricted)
rElec    .         Reflect  .   j - scarf {Spirit}
rCorr    .         Harm     .   (gloves unavailable)
MR       +....                  (boots unavailable)
Stlth    ++++++....             (no amulet)
HPRegen  0.15/turn              o - +5 ring of intelligence
MPRegen  0.19/turn              Q - ring of magical power

@: very quick
A: very small, unfitting armour, see invisible, herbivore, speed 3, slow
metabolism 2
a: Wall Jump, Serpent's Lash, Renounce Religion


You were on level 11 of the Dungeon.
You worshipped Wu Jian.
Wu Jian was most pleased with you.
You were hungry.

You visited 2 branches of the dungeon, and saw 12 of its levels.
You also visited: Sewer.

You collected 666 gold pieces.
You spent 195 gold pieces at shops.

Inventory:

Hand Weapons
 a - the +9 rapier of Conservatism (weapon) {pierce, rC++ Str+3 SInv}
   (You found it on level 5 of the Dungeon)

   It inflicts extra damage upon your enemies.
   It affects your strength (+3).
   It greatly protects you from cold.
   It lets you see invisible.
 b - a +0 shortbow
 H - a +1 dagger
 L - a +0 blowgun
 O - a +4 whip
Missiles
 g - 85 sling bullets
 h - 187 stones (quivered)
 n - 143 arrows
 r - 49 poisoned needles
Armour
 e - a +1 robe (worn)
 j - a scarf of spirit shield (worn)
 k - a +0 cloak
 w - a +2 cloak of magic resistance
 N - a +0 animal skin
 T - a +0 troll leather armour
Jewellery
 o - a +5 ring of intelligence (left hand)
 Q - a ring of magical power (right hand)
Wands
 l - a wand of random effects (11)
 B - a wand of acid (9)
 E - a wand of disintegration (20)
 G - a wand of digging (6)
 K - a wand of enslavement (2)
 P - a wand of iceblast (7)
Scrolls
 c - 5 scrolls of identify
 f - 10 scrolls of teleportation
 y - 5 scrolls of fear
 A - 4 scrolls of blinking
 J - a scroll of remove curse
 M - a scroll of amnesia
 R - a scroll of fog
 S - 2 scrolls of magic mapping {unknown}
Potions
 i - 3 potions of ambrosia
 m - 6 potions of curing
 p - a potion of might
 q - 2 potions of brilliance
 s - 3 potions of invisibility {unknown}
 t - 3 potions of agility
 u - 2 potions of lignification
 v - 4 potions of heal wounds
 z - 2 potions of magic
 C - 3 potions of haste
 D - a potion of cancellation {unknown}
 F - 2 potions of degeneration {unknown}
 I - 2 potions of mutation
Miscellaneous
 x - a lamp of fire
Comestibles
 d - 23 rations


   Skills:
 + Level 8.8 Short Blades
 + Level 7.1 Bows
 + Level 13.4 Dodging
 + Level 14.5 Stealth
 - Level 2.6 Spellcasting
 + Level 10.1 Hexes


You had 3 spell levels left.
You knew the following spells:

 Your Spells              Type           Power        Failure   Level  Hunger
a - Corona                Hex            ######.      1%          1    None
b - Ensorcelled Hibernat  Hex/Ice        ####..       2%          2    ##.....
c - Confuse               Hex            ######..     1%          3    ###....
d - Tukima's Dance        Hex            ######..     1%          3    ###....
e - Dazzling Spray        Conj/Hex       ####..       4%          3    ###....

Your spell library contained the following spells:

 Spells                   Type           Power        Failure   Level  Hunger


Dungeon Overview and Level Annotations

Branches:
Dungeon (11/15)            Temple (1/1) D:5             Orc (0/2) D:9
   Lair: D:8-11

Altars:
Ashenzari
Cheibriados
Dithmenos
Elyvilon
Fedhas
Gozag
Hepliaklqana
Kikubaaqudgha
Makhleb
Nemelex Xobeh
Okawaru
Qazlal
Ru
Sif Muna
Trog
Uskayaw
Vehumet
Wu Jian
Xom
Yredelemnul
Zin
The Shining One

Shops:
D:4 %   D:8 ((

Annotations:
D:6 1 runed translucent door, Curus's ghost, novice MiFi


Innate Abilities, Weirdness & Mutations

You are very small and have problems with some larger weapons.
You are too small for most types of armour.
You have supernaturally acute eyesight. (SInv)
You are a herbivore.
You cover ground extremely quickly.
You need to consume almost no food.


Message History

The cyan ugly thing is lightly wounded.
Casting: Ensorcelled Hibernation (safe; 2% risk of failure)
Confirm with . or Enter, or press ? or * to list all spells.
Aiming: Ensorcelled Hibernation (safe; 2% risk of failure)
Press: ? - help, Shift-Dir - straight line, f/p - cyan ugly thing
Aim: a cyan ugly thing (lightly wounded, chance to defeat MR: 38%)
The cyan ugly thing easily resists.
Casting: Ensorcelled Hibernation (safe; 2% risk of failure)
Confirm with . or Enter, or press ? or * to list all spells.
Aiming: Confuse (safe; 1% risk of failure)
Press: ? - help, Shift-Dir - straight line, f/p - cyan ugly thing
Aim: a cyan ugly thing (lightly wounded, chance to defeat MR: 56%)
The cyan ugly thing appears confused.
The cyan ugly thing pecks you. The cyan ugly thing shocks you!
You puncture the cyan ugly thing!
The cyan ugly thing is moderately wounded.
The orc misses you. The cyan ugly thing pecks you!
* * * LOW HITPOINT WARNING * * *
The cyan ugly thing shocks you!
You die...

#.#.#.#.#...# #..#.........# ##
#..####......# ..# #.. #..###..##
##... ....###....##..# #.## ..#
...............# ..# ..#
....#.#.#.#....### #.###..####.
................o####.##........
..#.#.#.#.#....@u((##..........#
.#............###.(......# ...#
...#.#.#.#...####....(..####..#
O#.......................(..##...
#....#.#.#.#...#.#..#(...[.<.....
........................).#......
........ ###...#.#....[).###.....
.......## ##...........###......
†...###.######.####.....##.......


You could see a cyan ugly thing (confused) and an orc.

Vanquished Creatures
  3 two-headed ogres
  An unseen horror (D:11)
  Pikel (D:7)
  A manticore (D:11)
  An ugly thing (D:11)
  2 centaur skeletons
  3 trolls
  2 hippogriffs
  A wyvern (D:6)
  4 yaks (D:10)
  A vampire (D:8)
  2 wraiths
  A hungry ghost (D:10)
  A warg (D:9)
  A soldier ant (D:11)
  An acid dragon (D:11)
  2 water moccasins
  5 orc warriors (D:9)
  3 phantoms
  3 ice beasts
  2 sky beasts
  4 ogres
  A black bear (D:10)
  2 centaurs
  9 bullfrogs
  A wyvern zombie (D:8)
  3 scorpions
  11 killer bees
  5 howler monkeys
  A crimson imp (D:11)
  A centaur zombie (D:6)
  6 hounds
  3 bullfrog zombies
  A quasit (D:6)
  7 orc wizards
  5 jellies
  6 orc priests
  Crazy Yiuf (D:2)
  4 bullfrog skeletons
  2 iguanas
  9 worker ants
  A hound skeleton (D:7)
  2 worker ant zombies
  2 gnolls (D:5)
  A howler monkey skeleton (D:11)
  7 adders
  A river rat (D:3)
  2 shadow imps
  9 oozes
  3 worms
  A dart slug (D:1)
  6 leopard geckos
  27 orcs
  6 bats
  3 giant cockroaches
  5 goblins
  3 hobgoblins (D:3)
  2 jackals (D:1)
  16 kobolds
  3 quokkas
  4 ball pythons
  6 frilled lizards
  2 jackal skeletons
  A jackal zombie (D:6)
  8 rats
244 creatures vanquished.

Vanquished Creatures (collateral kills)
  2 orc warriors
  An orc wizard (D:11)
  A gnoll (D:5)
4 creatures vanquished.

Vanquished Creatures (others)
  3 dancing weapons
  A slave (D:7)
  A crimson imp (D:7)
  A hound (D:11)
  An orc wizard (D:11)
  A leopard gecko (D:7)
8 creatures vanquished.

Grand Total: 256 creatures vanquished

Notes
Turn   | Place    | Note
-------+----------+-------------------------------------------
     0 | D:1      | Gwenloh the Spriggan Enchanter began the quest for the Orb.
     0 | D:1      | Reached XP level 1. HP: 9/9 MP: 5/5
   466 | D:1      | Reached XP level 2. HP: 5/13 MP: 3/6
   920 | D:1      | Reached skill level 5 in Stealth
  1265 | D:2      | Reached XP level 3. HP: 16/16 MP: 8/8
  1975 | D:2      | Found a runed translucent door.
  1976 | D:2      | Noticed Crazy Yiuf
  2208 | D:2      | Learned a level 2 spell: Ensorcelled Hibernation
  2212 | D:2      | Learned a level 3 spell: Confuse
  2220 | D:2      | Killed Crazy Yiuf
  2220 | D:2      | Reached XP level 4. HP: 13/21 MP: 3/9
  2681 | D:3      | Reached skill level 6 in Stealth
  2886 | D:3      | Found a glowing drain.
  2923 | Sewer    | Entered a sewer
  3234 | Sewer    | Reached skill level 5 in Dodging
  3367 | Sewer    | Reached XP level 5. HP: 21/24 MP: 7/10
  4263 | D:3      | Found a bloodstained altar of Trog.
  5136 | D:4      | Found a radiant altar of Vehumet.
  5239 | D:4      | Reached skill level 7 in Stealth
  5246 | D:4      | Reached XP level 6. HP: 17/28 MP: 1/11
  5327 | D:4      | Learned a level 3 spell: Tukima's Dance
  5902 | D:4      | Found Ruexkuas's Food Emporium.
  5908 | D:4      | Bought a ration for 65 gold pieces
  5908 | D:4      | Bought a ration for 65 gold pieces
  5908 | D:4      | Bought a ration for 65 gold pieces
  6433 | D:5      | Entered Level 5 of the Dungeon
  6565 | D:5      | Reached skill level 5 in Hexes
  6619 | D:5      | Noticed an ice beast
  6634 | D:5      | Killed an ice beast
  6634 | D:5      | Reached skill level 8 in Stealth
  6634 | D:5      | Reached XP level 7. HP: 32/32 MP: 8/12
  7202 | D:5      | Got an iridescent rapier
  7203 | D:5      | Identified the +9 rapier of Conservatism {pierce, rC++
                  | Str+3 SInv} (You found it on level 5 of the Dungeon)
  7288 | D:5      | Found a staircase to the Ecumenical Temple.
  7297 | Temple   | Entered the Ecumenical Temple
  7383 | Temple   | Became a worshipper of the Wu Jian Council
  7468 | D:6      | Noticed a wyvern
  7489 | D:6      | Killed a wyvern
  7489 | D:6      | Reached skill level 9 in Stealth
  7500 | D:6      | Reached XP level 8. HP: 36/36 MP: 6/13
  7760 | D:6      | Found a snail-covered altar of Cheibriados.
  8510 | D:6      | Found a runed translucent door.
  8510 | D:6      | Noticed Curus's ghost (novice MiFi)
  8696 | D:7      | Reached skill level 10 in Stealth
  8753 | D:7      | Noticed Pikel
  8787 | D:7      | Killed Pikel
  8787 | D:7      | Reached skill level 5 in Short Blades
  8787 | D:7      | Reached skill level 10 in Dodging
  8787 | D:7      | Reached skill level 11 in Stealth
  8845 | D:7      | Reached XP level 9. HP: 28/39 MP: 2/14
  9474 | D:8      | Reached * piety under Wu Jian
  9610 | D:8      | Found Ugoag's Weapon Boutique.
  9864 | D:8      | Found Ockuum's Weapon Emporium.
  9882 | D:8      | Reached skill level 1 in Bows
  9946 | D:8      | Reached skill level 12 in Stealth
 10144 | D:8      | Found a shadowy altar of Dithmenos.
 10177 | D:8      | Learned a level 3 spell: Dazzling Spray
 10632 | D:9      | Noticed a troll
 10640 | D:9      | Killed a troll
 10756 | D:9      | Noticed a two-headed ogre
 10766 | D:9      | Killed a two-headed ogre
 10766 | D:9      | Reached XP level 10. HP: 44/44 MP: 15/15
 11020 | D:9      | Reached ** piety under Wu Jian
 11029 | D:9      | Reached skill level 13 in Stealth
 11226 | D:9      | Found a staircase to the Orcish Mines.
 11454 | D:9      | Found a sacrificial altar of Ru.
 11520 | D:9      | Found a hazy altar of Hepliaklqana.
 11523 | D:9      | Found a stormy altar of Qazlal.
 11526 | D:9      | Found a shimmering altar of Xom.
 11611 | D:10     | Entered Level 10 of the Dungeon
 11669 | D:10     | Reached skill level 5 in Bows
 11754 | D:10     | Noticed a two-headed ogre
 11759 | D:10     | Killed a two-headed ogre
 12259 | D:10     | Reached XP level 11. HP: 47/47 MP: 16/16
 12679 | D:11     | Noticed a two-headed ogre
 12684 | D:11     | Killed a two-headed ogre
 12684 | D:11     | Reached skill level 14 in Stealth
 12732 | D:11     | Reached *** piety under Wu Jian
 12864 | D:11     | Noticed a purple ugly thing
 13083 | D:11     | Killed a purple ugly thing
 13113 | D:11     | Noticed an unseen horror
 13130 | D:11     | Killed an unseen horror
 13151 | D:11     | Noticed a cyan ugly thing
 13166 | D:11     | Noticed a two-headed ogre
 13389 | D:10     | Reached skill level 10 in Hexes
 13562 | D:11     | Slain by a cyan ugly thing

Skill      XL: |  1  2  3  4  5  6  7  8  9 10 11 |
---------------+----------------------------------+-----
Stealth        | 5 6 7 8 9 11 12 13 14 | 14.5
Dodging        | 4 5 6 8 10 11 12 13 | 13.4
Short Blades   | 2 3 4 5 6 8 |  8.8
Hexes          | 4 5 6 8 9 10 | 10.1
Bows           | 3 5 7 |  7.1
Spellcasting   | |  2.6

Action                   |  1- 3 |  4- 6 |  7- 9 | 10-12 || total
-------------------------+-------+-------+-------+-------++-------
Melee: Dagger            |   112 |   324 |    75 |       ||   511
       Rapier            |       |       |   141 |   254 ||   395
 Fire: Blowgun           |       |     8 |       |       ||     8
       Shortbow          |       |       |    21 |    49 ||    70
 Cast: Corona            |    19 |     2 |       |       ||    21
       Ensorcelled Hiber |     1 |    25 |    18 |    24 ||    68
       Confuse           |       |    15 |     3 |     3 ||    21
       Tukima's Dance    |       |       |     5 |     3 ||     8
       Dazzling Spray    |       |       |       |     1 ||     1
Invok: Lunge             |       |       |    58 |    91 ||   149
       Whirlwind         |       |       |    27 |    87 ||   114
  Use: Scroll            |       |     5 |    15 |       ||    20
       Potion            |       |       |     1 |     1 ||     2
 Stab: Sleeping          |    10 |    27 |    36 |    35 ||   108
       Confused          |       |     4 |     3 |     1 ||     8
       Distracted        |       |     1 |       |     4 ||     5
  Eat: Ration            |       |     3 |     3 |     3 ||     9
Armor: Robe              |     6 |    19 |     6 |     3 ||    34
Dodge: Dodged            |    86 |   222 |   164 |   186 ||   658
